 Dungeon Crawl Stone Soup version 0.26.1-11-gd32895ea62 (webtiles) character file.

Game seed: 15432517784085562791

33 adizb the Magician (level 3, -2/25 HPs)
             Began as a Demonspawn Hedge Wizard on June 26, 2021.
             Slain by an adder (5 damage)
             ... on level 2 of the Dungeon.
             The game lasted 00:10:03 (958 turns).

adizb the Magician (Demonspawn Hedge Wizard)         Turns: 958, Time: 00:10:04

Health: -2/25      AC:  3    Str: 10    XL:     3   Next: 12%
Magic:  0/7        EV: 12    Int: 16    God:
Gold:   32         SH:  0    Dex: 12    Spells: 7/8 levels left

rFire    . . .     SeeInvis .   a - +0 dagger
rCold    . . .     Faith    .   (no shield)
rNeg     . . .     Spirit   +   b - +0 robe
rPois    .         Reflect  .   c - +0 hat
rElec    .         Harm     .   (no cloak)
rCorr    .         Rampage  .   p - +0 pair of gloves
Will     +....                  (no boots)
Stlth    ++........             (no amulet)
HPRegen  0.08/turn              o - ring of willpower
MPRegen  0.10/turn              (no ring)

@: lethally poisoned (-2 -> -7)
A: magic shield
a: no special abilities


You were on level 2 of the Dungeon.
You visited 1 branch of the dungeon, and saw 2 of its levels.

You collected 32 gold pieces.

Inventory:

Hand Weapons
 a - a +0 dagger (weapon)
Armour
 b - a +0 robe (worn)
 c - a +0 hat (worn)
 e - a +0 leather armour
 g - a +0 tower shield
 p - a +0 pair of gloves (worn)
Jewellery
 o - a ring of willpower (left hand)
Scrolls
 f - a scroll of amnesia {unknown}
 h - a scroll of identify {unknown}
 j - a scroll of magic mapping {unknown}
 k - a scroll of random uselessness {unknown}
 l - a scroll of remove curse {unknown}
 m - a scroll of teleportation {unknown}
Potions
 d - a potion of berserk rage {unknown}
 i - a potion of curing {unknown}
 n - 2 potions of lignification


   Skills:
 + Level 0.6 Fighting
 + Level 0.4 Armour
 + Level 1.9 Dodging
 + Level 2.1 Stealth
 - Level 0.3 Unarmed Combat
 + Level 3.1 Spellcasting
 + Level 1.3 Conjurations
 + Level 1.2 Summonings
 + Level 1.1 Translocations


You had 7 spell levels left.
You knew the following spells:

 Your Spells              Type           Power        Failure   Level
a - Magic Dart            Conj           24%          11%         1

Your spell library contained the following spells:

 Spells                   Type           Power        Failure   Level
 Blink                    Tloc           N/A          17%         2
 Call Imp                 Summ           6%           17%         2
 Slow                     Hex            2%           28%         2
 Conjure Flame            Conj/Fire      4%           38%         3
 Mephitic Cloud           Conj/Pois/Air  3%           43%         3


Dungeon Overview and Level Annotations

Branches:
Dungeon (2/15)

Altars:


Innate Abilities, Weirdness & Mutations

When hurt, damage is shared between your health and your magic reserves.


Message History

You feel sick. The adder barely misses you.
You closely miss the adder.
The adder is heavily wounded.
The adder bites you.
You are lethally poisoned!
The adder poisons you!
You hit the adder but do no damage.
The adder is heavily wounded.
* * * LOW HITPOINT WARNING * * *
You feel sick. The adder closely misses you. The adder completely misses you.
You closely miss the adder.
The adder is heavily wounded.
The adder misses you.
You miss the adder.
The adder is heavily wounded.
* * * LOW HITPOINT WARNING * * *
You feel sick. The adder barely misses you.
* * * LOW HITPOINT WARNING * * *
You feel sick. The adder closely misses you. The adder bites you.
You die...

##.....#.
##...#.# #
##..#.#.## #
##......#
.8.#8##..##..#
#.#...'..# #
.8.#8##.##
##$# #.@#
#.S.# #...(#
#......
#........
#)#.#....#
#.#.####.# #
#. .#


You could see an adder.

Vanquished Creatures
  An ooze (D:2)
  A leopard gecko (D:2)
  A bat (D:2)
  4 giant cockroaches (D:1)
  4 goblins
  4 hobgoblins
  3 kobolds
  4 frilled lizards
  3 rats
25 creatures vanquished.

Notes
Turn   | Place    | Note
-------+----------+-------------------------------------------
     0 | D:1      | adizb the Demonspawn Hedge Wizard began the quest for the
                  | Orb.
     0 | D:1      | Reached XP level 1. HP: 13/13 MP: 4/4
   153 | D:1      | Reached skill level 1 in Translocations
   222 | D:1      | Gained mutation: When hurt, damage is shared between your
                  | health and your magic reserves. [demonic ancestry]
   222 | D:1      | Reached XP level 2. HP: 19/19 MP: 3/6
   899 | D:2      | Reached XP level 3. HP: 25/25 MP: 1/7
   958 | D:2      | Slain by an adder

Illustrated notes

Levels and vault maps discovered:
D:1:      dpeg_arrival_prison, layout_rooms, minivault_23, st_stairs_11
D:2:      layout_loops_ring, chequers_serial_rivers_micro_a, wad_orctagon,
          uniq_sigmund

Skill      XL: |  1 |
---------------+----+-----
Stealth        | 2 |  2.1
Translocations | 1 |  1.1
Fighting       | |  0.6
Armour         | |  0.4
Dodging        | |  1.9
Unarmed Combat | |  0.3
Spellcasting   | |  3.1
Conjurations   | |  1.3
Summonings     | |  1.2

Action                   || total
-------------------------++-------
Melee: Unarmed           ||    46
       Dagger            ||    31
 Cast: Magic Dart        ||    44
  Use: Potion            ||     1
 Stab: Sleeping          ||     1
Armor: Leather armour    ||    19
       Robe              ||     2
       Skin              ||     4
Dodge: Dodged            ||    60
